Map: Nightscape LE

Players

Flamenco - Winner!

  • Race: Protoss Protoss
  • Spawn Location: 1:00

IIIllllIIIII - Winner!

  • Race: Terran Terran
  • League: Diamond
  • Spawn Location: 1:00

Alebay

  • Race: Protoss Protoss
  • Spawn Location: 7:00

MattBarry

  • Race: Zerg Zerg
  • League: Gold
  • Spawn Location: 7:00

VOD

Have the link to the VOD?

Description

Time

  • Played on: Jan. 23, 2023, 11:37 p.m.
  • Length: 14:19
Show
View Real Time Build Order
Export as new Build Order

Flamenco Protoss - Winner!

Build Orders: 1 Gate Expand, Dark Templar Rush 

Get SALT Encoding   

  12  0:00  Probe  
  13  0:12  Probe  
  14  0:17  Pylon  
  14  0:24  Probe  
  15  0:37  Gateway  
  15  0:39  Probe (Chrono Boost)  
  16  0:44  Assimilator  
  16  0:51  Probe (Chrono Boost)  
  17  0:58  Probe (Chrono Boost)  
  18  1:05  Probe  
  19  1:21  Nexus  
  19  1:30  Cybernetics Core  
  19  1:34  Probe (Chrono Boost)  
  20  1:44  Probe (Chrono Boost)  
  20  1:46  Assimilator  
  21  1:49  Pylon  
  21  1:51  Probe  
  22  2:03  Probe  
  23  2:13  Twilight Council  
  23  2:17  Probe  
  24  2:33  Probe  
  24  2:34  Probe  
  26  2:37  Warp Gate  
  26  2:40  Stalker  
  27  2:46  Robotics Facility  
  27  2:48  Probe  
  28  3:03  Gateway  
  28  3:06  Probe x2  
  28  3:07  Pylon  
  30  3:15  Dark Shrine  
  30  3:18  Probe  
  31  3:29  Gateway  
  31  3:32  Probe  
  32  3:43  Assimilator  
  32  3:44  Probe  
  32  3:45  Probe  
  34  3:56  Warp Prism  
  36  4:11  Probe  
  36  4:13  Charge  
  37  4:17  Stalker  
  39  4:33  Observer  
  40  4:40  Probe  
  40  4:41  Probe  
  42  4:46  Assimilator  
  43  4:52  Probe  
  43  4:53  Probe  
  43  4:55  Gateway  
  43  4:57  Gateway  
  43  4:58  Gateway  
  44  5:00  Templar Archives  
  44  5:03  Shadow Stride  
  44  5:05  Probe x2  
  46  5:12  Pylon  
  46  5:15  Pylon  
  46  5:17  Probe x2  
  46  5:21  Pylon  
  48  5:29  Probe x2  
  49  5:37  Dark Templar x2  
  49  5:41  Probe x2  
  55  5:45  Dark Templar  
  57  5:53  Probe x2  
  59  6:05  Probe  
  54  6:35  Probe x2  
  54  6:38  Stalker  
  54  6:39  Stalker x5  
  68  6:46  Immortal (Chrono Boost)  
  68  6:47  Forge, Probe  
  68  6:49  Forge  
  73  7:10  Probe  
  73  7:11  Probe  
  75  7:17  Nexus  
  75  7:18  High Templar  
  75  7:20  Assimilator  
  75  7:22  Pylon  
  77  7:23  Probe  
  77  7:25  Pylon, Assimilator  
  77  7:27  Pylon x2  
  77  7:29  Pylon  
  78  7:33  Pylon  
  78  7:40  Immortal, Probe x2  
  78  7:41  High Templar  
  86  7:50  High Templar  
  88  7:52  Probe  
  89  8:01  Zealot x4  
  93  8:25  High Templar x2  
  97  8:27  Archon  
  97  8:28  Archon  
  97  8:31  Immortal (Chrono Boost)  
  101  8:45  Probe  
  101  8:46  Probe  
  101  8:47  Probe  
  104  8:58  Probe x2  
  104  9:01  Nexus  
  106  9:03  Assimilator, Probe  
  106  9:08  Assimilator  
  107  9:10  Pylon, Probe x2  
  107  9:11  High Templar x3  
  107  9:13  Pylon  
  107  9:14  Zealot x3  
  121  9:18  Archon x2, Pylon  
  121  9:20  Protoss Ground Armor Level 1 (Chrono Boost)  
  121  9:25  Protoss Ground Weapons Level 1 (Chrono Boost)  
  121  9:41  Shield Battery  
  121  9:44  Photon Cannon  
  121  9:48  Pylon  
  121  9:58  Pylon  
  121  10:00  Photon Cannon  
  121  10:02  Shield Battery  
  121  10:04  Probe x3  
  121  10:05  Photon Cannon  
  124  10:16  Probe x3  
  124  10:19  Gateway  
  124  10:20  Gateway  
  127  10:26  Pylon  
  127  10:28  Pylon, Probe x3  
  127  10:34  Pylon  
  130  10:36  Gateway  
  130  10:37  Probe  
  130  10:38  Gateway  
  130  10:40  Probe x2  
  130  10:41  Probe  
  134  10:43  Shield Battery  
  134  10:44  Shield Battery  
  134  10:45  Stalker x3  
  134  10:46  Stalker x3  
  134  10:47  Shield Battery  
  134  10:48  Immortal (Chrono Boost)  
  134  10:49  Probe  
  147  10:52  Probe  
  147  10:53  Probe x2  
  147  10:54  Robotics Facility, Shield Battery  
  154  11:01  Probe  
  154  11:02  Blink (Chrono Boost)  
  155  11:19  Immortal  
  151  11:41  Nexus  
  151  11:44  Assimilator  
  151  11:46  Assimilator  
  141  11:47  Pylon  
  141  11:53  Stalker x4  
  141  11:54  Stalker x3  
  131  11:55  Stalker x3  
  131  11:58  Immortal  
  143  12:31  High Templar x5  
  143  12:32  High Templar x4  
  161  12:38  Archon x4  
  161  12:42  High Templar  
  163  12:46  Archon  
  163  12:56  Warp Prism x2  
  167  13:03  Probe x3  
  167  13:04  Probe  
  171  13:23  Nexus  
  171  13:25  Assimilator  
  167  13:35  Nexus  
  167  13:39  Assimilator  
  167  13:43  Assimilator  
  167  13:45  Pylon  
  167  13:47  Pylon  
  163  13:50  Pylon  
  163  13:54  Pylon  
  155  13:55  Pylon  
  149  14:18  Dark Templar x3  
  149  14:19  Dark Templar  
Show
View Real Time Build Order
Export as new Build Order

IIIllllIIIII Terran - Winner!

Build Orders:  

Get SALT Encoding   

  12  0:04  SCV  
  13  0:16  SCV  
  13  0:19  Supply Depot  
  14  0:28  SCV  
  15  0:41  SCV  
  15  0:42  Barracks  
  16  0:46  Refinery  
  16  0:53  SCV  
  17  1:12  Barracks  
  17  1:21  SCV  
  18  1:28  Barracks  
  18  1:34  Reaper, Orbital Command  
  19  1:59  Reaper  
  20  2:01  SCV  
  20  2:05  Supply Depot  
  21  2:10  Reaper  
  21  2:13  Refinery  
  22  2:33  Reaper  
  23  2:56  Reaper  
  23  2:57  Reaper  
  24  3:14  Supply Depot  
  24  3:15  Command Center  
  24  3:16  SCV  
  24  3:17  Supply Depot  
  24  3:18  Reaper  
  26  3:28  Reaper  
  26  3:30  Reaper  
  28  3:50  Reaper  
  28  4:01  Reaper  
  29  4:35  SCV  
  31  4:43  Barracks Tech Lab  
  31  4:44  Barracks Tech Lab  
  29  4:45  Barracks Reactor  
  29  4:49  Factory, SCV  
  30  5:01  SCV  
  30  5:09  Marauder x2  
  34  5:15  Orbital Command  
  34  5:20  Refinery x2  
  34  5:32  Marine x2  
  34  5:33  Marauder  
  34  5:34  Marauder  
  34  5:35  Stimpack  
  40  5:36  Concussive Shells  
  40  5:50  SCV x2  
  40  5:51  Marine x2  
  40  5:54  Marine  
  45  5:58  Engineering Bay  
  45  6:02  SCV, Engineering Bay  
  46  6:04  Armory  
  46  6:05  SCV  
  46  6:09  Marine x3  
  50  6:12  Marine  
  50  6:14  SCV  
  50  6:17  SCV  
  53  6:26  SCV  
  53  6:29  Marine, SCV  
  53  6:30  Marine, Marauder  
  59  6:33  Marauder  
  59  6:37  Factory Reactor  
  59  6:38  SCV  
  62  6:40  Starport, Terran Infantry Weapons Level 1  
  62  6:42  Terran Infantry Armor Level 1  
  62  6:54  Command Center  
  62  7:08  Marine x4, SCV x2  
  62  7:10  Supply Depot  
  68  7:24  SCV  
  68  7:25  SCV  
  70  7:31  Medivac x2  
  70  7:32  Marine, Marauder  
  70  7:36  Combat Shield  
  77  7:41  SCV  
  78  7:48  Factory Tech Lab  
  78  8:05  Marine x2  
  78  8:06  SCV x2, Marauder  
  82  8:18  SCV x2  
  76  8:29  Marine x2, Marauder x2  
  82  8:38  Planetary Fortress  
  82  8:46  Barracks  
  82  8:47  Marine x2  
  84  8:49  Barracks  
  84  8:50  Marine, Marauder  
  84  8:53  Barracks  
  87  8:55  Barracks  
  87  8:59  Medivac x2  
  91  9:05  Terran Infantry Armor Level 2, Terran Infantry Weapons Level 2  
  91  9:08  Terran Vehicle And Ship Armor Level 1  
  91  9:11  Marauder  
  93  9:30  Supply Depot, SCV x3, Siege Tank  
  99  9:33  Supply Depot  
  99  9:35  Supply Depot  
  99  9:36  Medivac  
  101  9:49  Supply Depot  
  101  9:50  Supply Depot  
  101  9:51  Medivac  
  103  9:53  Supply Depot, Barracks Tech Lab, Barracks Reactor x2  
  103  9:54  Barracks Reactor  
  103  9:55  Marine  
  103  9:56  Marine x2  
  103  9:57  Marine  
  107  10:03  SCV x3  
  110  10:08  Refinery  
  110  10:15  SCV  
  111  10:25  Hellbat  
  111  10:28  Infernal Pre-Igniter  
  113  10:30  Marauder x2  
  113  10:31  Marine x6, Marauder  
  113  10:32  Marine x2  
  113  10:34  SCV x2  
  113  10:35  SCV  
  130  10:41  Missile Turret  
  130  10:47  Missile Turret  
  130  10:52  Marauder x2  
  134  11:00  Medivac x2  
  138  11:11  Marine x5, Marauder  
  141  11:12  Marine x4  
  141  11:14  Marine  
  101  11:33  Marine x5, Marauder x3  
  101  11:34  Marine  
  111  11:44  Marine x2  
  113  11:51  Marine x5  
  118  11:54  Marauder x3  
  118  11:58  Missile Turret  
  118  11:59  Missile Turret  
  120  12:01  Medivac  
  120  12:06  Marine x2  
  127  12:15  Marauder  
  127  12:16  Marauder x2  
  127  12:17  SCV x2  
  127  12:18  SCV  
  133  12:37  Marauder  
  133  12:50  Medivac x2  
  137  12:51  Marine  
  137  12:52  Marine x6, Marauder  
  137  12:53  Marine x2  
  148  13:04  Supply Depot  
  148  13:06  Supply Depot  
  148  13:07  Supply Depot  
  120  13:30  Marine x4, Marauder x3  
  104  13:44  Marine  
  104  13:47  Marine x3  
  106  13:48  Marine x2  
  106  13:49  Marine  
  106  13:51  Marauder x2  
  106  13:52  Marauder  
  115  13:58  Marine  
  124  14:17  Missile Turret  
Show
View Real Time Build Order
Export as new Build Order

Alebay Protoss 

Build Orders: 1 Gate Expand, Zealot Archon 

Get SALT Encoding   

  12  0:00  Probe  
  13  0:12  Probe  
  14  0:21  Pylon  
  14  0:24  Probe  
  15  0:39  Probe  
  15  0:40  Gateway  
  16  0:45  Assimilator  
  16  0:51  Probe  
  17  1:04  Probe  
  18  1:16  Probe  
  19  1:28  Probe  
  20  1:38  Nexus  
  20  1:41  Probe  
  20  1:42  Cybernetics Core  
  21  1:51  Assimilator  
  21  1:53  Probe  
  22  1:55  Pylon  
  22  2:10  Probe  
  22  2:13  Warp Gate (Chrono Boost)  
  23  2:18  Adept (Chrono Boost)  
  25  2:33  Probe  
  26  2:57  Stalker  
  28  2:59  Probe x2  
  30  3:11  Gateway  
  30  3:13  Gateway  
  30  3:16  Probe x2  
  32  3:20  Pylon  
  32  3:24  Forge  
  32  3:33  Probe x2  
  34  3:45  Probe x2  
  34  3:57  Probe x2  
  34  4:01  Stalker  
  38  4:05  Photon Cannon  
  38  4:09  Stalker x2, Probe x2  
  44  4:20  Protoss Ground Weapons Level 1 (Chrono Boost)  
  44  4:21  Twilight Council, Probe x2  
  46  4:29  Assimilator  
  46  4:32  Stalker  
  46  4:34  Stalker x2  
  52  4:39  Pylon  
  52  4:52  Blink (Chrono Boost)  
  52  5:00  Probe  
  52  5:01  Probe  
  52  5:04  Stalker x3  
  60  5:09  Pylon  
  60  5:13  Pylon, Probe  
  61  5:28  Stalker x3  
  63  5:32  Assimilator  
  67  5:49  Templar Archives  
  67  5:52  Probe x2  
  67  5:54  Stalker  
  71  6:04  Probe  
  72  6:05  Pylon  
  72  6:19  Photon Cannon  
  70  6:32  Stalker x3  
  75  6:35  Psionic Storm  
  75  6:40  Charge (Chrono Boost)  
  75  6:42  Photon Cannon  
  75  6:57  Gateway  
  75  6:59  Gateway  
  75  7:01  Gateway  
  75  7:03  Photon Cannon  
  75  7:06  Photon Cannon  
  75  7:15  Protoss Ground Armor Level 1 (Chrono Boost)  
  75  7:24  High Templar x2  
  79  7:36  Stalker  
  81  7:48  Archon  
  81  7:57  Zealot x2  
  85  8:06  Pylon x2  
  85  8:08  Pylon x2  
  51  8:23  Zealot x6  
  57  8:37  Gateway  
  57  8:39  Gateway  
  57  8:41  Gateway  
  57  8:44  Stalker x4  
  57  8:45  Stalker x2  
  69  9:03  Protoss Ground Weapons Level 2 (Chrono Boost)  
  69  9:08  High Templar x3  
  75  9:12  High Templar  
  75  9:15  Zealot x2  
  81  9:19  Archon  
  81  9:20  Archon  
  81  9:39  Zealot x5, Nexus  
  81  9:42  Pylon  
  91  9:46  Pylon  
  91  10:02  Probe  
  92  10:08  Zealot x5  
  92  10:09  Zealot x3  
  92  10:13  Stalker  
  110  10:21  Pylon  
  110  10:36  Zealot x4  
  110  10:37  Zealot x2  
  122  11:06  Protoss Ground Armor Level 2 (Chrono Boost)  
  74  11:44  Zealot, Stalker x2  
  68  11:50  Zealot x2  
  68  11:51  Zealot x4  
  62  12:05  Probe x3  
  63  12:11  Zealot  
  63  12:12  Zealot x8  
  81  12:17  Probe x3  
  84  12:29  Probe  
  85  12:37  Zealot x5  
  85  12:38  Zealot x2  
  85  12:43  High Templar x2  
  103  12:57  Probe x3  
  106  13:04  Assimilator  
  106  13:09  Probe  
  106  13:10  High Templar x2  
  106  13:12  High Templar x2  
  59  13:36  Zealot  
  59  13:37  Zealot x4  
  51  13:50  Zealot x4  
Show
View Real Time Build Order
Export as new Build Order

MattBarry Zerg 

Build Orders: Pool First 

Get SALT Encoding   

  12  0:04  Drone  
  13  0:09  Drone  
  14  0:19  Extractor  
  14  0:20  Overlord  
  13  0:23  Drone  
  14  0:41  Spawning Pool  
  13  0:47  Drone  
  14  0:52  Drone  
  15  0:57  Drone  
  17  1:04  Drone  
  17  1:15  Drone  
  18  1:21  Drone  
  19  1:37  Hatchery  
  18  1:41  Queen  
  20  1:49  Evolution Chamber  
  20  1:50  Zergling x2  
  20  1:53  Zergling x2  
  21  2:01  Metabolic Boost  
  21  2:05  Zergling x2  
  22  2:10  Overlord  
  22  2:28  Queen  
  23  2:35  Zergling x2  
  23  2:36  Drone  
  25  2:51  Drone x2  
  25  2:53  Queen, Drone x3  
  32  3:15  Drone  
  32  3:16  Drone x2  
  32  3:18  Overlord  
  35  3:25  Extractor  
  34  3:32  Drone  
  35  3:36  Queen  
  37  3:45  Drone x5  
  37  3:46  Overlord  
  37  3:47  Overlord  
  42  4:01  Drone  
  43  4:11  Spore Crawler  
  42  4:29  Queen  
  42  4:34  Lair  
  42  4:37  Roach Warren  
  42  4:38  Drone x2  
  42  4:54  Drone x4  
  42  4:55  Drone  
  47  5:00  Drone  
  47  5:04  Spore Crawler  
  47  5:13  Zerg Melee Weapons Level 1  
  47  5:19  Roach x5  
  47  5:20  Roach  
  59  5:21  Overlord  
  59  5:22  Overlord  
  59  5:25  Extractor  
  59  5:27  Extractor  
  57  5:42  Evolution Chamber  
  56  5:47  Drone x2  
  58  5:55  Roach x5  
  68  6:02  Hatchery  
  68  6:03  Overseer  
  66  6:43  Spore Crawler  
  66  6:46  Spore Crawler  
  64  6:49  Spore Crawler  
  63  6:54  Spore Crawler  
  62  7:03  Zerg Missile Weapons Level 1  
  62  7:05  Drone x4  
  62  7:06  Drone x2  
  62  7:07  Evolution Chamber, Overlord x2  
  62  7:08  Overlord  
  67  7:22  Drone  
  68  7:24  Queen  
  70  7:37  Drone x3  
  70  7:38  Drone x7  
  70  7:39  Drone x2  
  70  7:40  Drone  
  83  7:56  Extractor x2  
  81  8:00  Zergling x8, Queen  
  81  8:01  Zergling x12  
  89  8:28  Zerg Ground Armor Level 1  
  85  8:35  Roach Warren  
  80  9:03  Spire  
  79  9:10  Drone x4  
  79  9:11  Overlord x2  
  79  9:15  Roach  
  79  9:16  Roach x2  
  89  9:18  Overlord  
  89  9:21  Overlord  
  89  9:26  Drone  
  90  9:33  Glial Reconstitution  
  90  9:40  Roach x12  
  90  9:41  Roach x4  
  90  9:42  Overlord x2  
  122  9:53  Hydralisk Den  
  122  9:55  Zerg Missile Weapons Level 2  
  122  9:57  Hydralisk Den  
  120  10:06  Drone x3  
  123  10:34  Grooved Spines  
  123  10:35  Muscular Augments  
  123  10:36  Mutalisk  
  123  10:37  Mutalisk x6  
  123  10:39  Overlord  
  123  10:40  Overlord  
  137  10:45  Ravager  
  138  10:54  Overlord x3  
  135  11:02  Ravager x5  
  140  11:04  Ravager  
  140  11:06  Overlord x3  
  140  11:09  Pneumatized Carapace  
  123  11:54  Roach x2  
  108  11:55  Roach x7  
  108  11:56  Roach x6  
  106  12:39  Infestation Pit  
  106  12:42  Overlord x3  
  102  12:56  Overlord x2  
  102  12:57  Overlord x3  
  94  13:24  Ravager  
  94  13:25  Ravager x8  
  94  13:26  Ravager x3  
  104  13:27  Roach  
  104  13:28  Roach x8  
  104  13:30  Overlord x2  
  120  13:39  Roach x2, Infestor  
  106  13:52  Zergling x18  
  106  13:53  Zergling x2  
Tags
 
Add a new tag
Caveats
  • Supply blocks, unpowered buildings, or Contaminate may cause inaccurate times.
  • Supply counts are checked every 10 seconds.